 Dungeon Crawl Stone Soup version 0.28-a0-1147-gc7b72d3202 (webtiles) character file.

Game seed: 12864801118555798677

1224 Fortus the Grappler (level 8, -5/74 HPs)
             Began as a Troll Fighter on Dec 14, 2021.
             Shot with an arrow by a centaur (12 damage)
             ... on level 6 of the Dungeon.
             The game lasted 00:09:12 (3965 turns).

Fortus the Grappler (Troll Fighter)                 Turns: 3965, Time: 00:09:12

Health: -5/74      AC:  4    Str: 27    XL:     8   Next: 23%
Magic:  7/7        EV:  8    Int:  4    God:
Gold:   214        SH:  8    Dex:  9    Spells: 7/7 levels left

rFire   . . .      SeeInvis .     - Unarmed
rCold   . . .      Faith    .   b - +0 kite shield
rNeg    . . .      Spirit   .   a - +0 robe
rPois   .          Reflect  .   (helmet restricted)
rElec   .          Harm     .   (no cloak)
rCorr   .          Rampage  .   (gloves unavailable)
Will    .....                   (boots unavailable)
Stlth   +.........              (no amulet)
HPRegen 1.02/turn               (no ring)
MPRegen 0.10/turn               (no ring)

@: no status effects
A: large, unfitting armour, claws 3, regeneration 1, shaggy fur 1, tough skin 1
a: no special abilities


You were on level 6 of the Dungeon.
You visited 1 branch of the dungeon, and saw 6 of its levels.
You also visited: Sewer.

You collected 214 gold pieces.

Inventory:

Armour
 a - a +0 robe (worn)
 b - a +0 kite shield (worn)
Jewellery
 i - a +6 ring of dexterity
Wands
 k - a wand of charming (2)
Scrolls
 e - 2 scrolls of teleportation {unknown}
 g - 5 scrolls of identify {unknown}
 h - a scroll of noise {unknown}
 j - 2 scrolls of torment {unknown}
 l - 2 scrolls of immolation {unknown}
 p - 2 scrolls of enchant armour {unknown}
Potions
 c - a potion of might
 d - 2 potions of mutation {unknown}
 f - a potion of ambrosia {unknown}
 m - a potion of heal wounds
 n - a potion of haste {unknown}
 o - 2 potions of invisibility {unknown}
 q - a potion of degeneration {unknown}
 r - 2 potions of flight
 s - a potion of curing


   Skills:
 - Level 2.4 Fighting
 - Level 2.4 Dodging
 + Level 5.3 Shields
 * Level 8.3 Unarmed Combat


You had 7 spell levels left.
You didn't know any spells.
Your spell library contained the following spells:

 Spells                   Type           Power      Damage    Failure   Level
 Inner Flame              Hex/Fire       0%         N/A       98%         3
 Summon Guardian Golem    Hex/Summ       0%         N/A       98%         3
 Fulminant Prism          Conj/Hex       0%         3d6       100%        4


Dungeon Overview and Level Annotations

Branches:
Dungeon (6/15)              Sewer (visited)
 Temple: D:4-7

Altars:


Innate Abilities, Weirdness & Mutations

You are too large for most types of armour.
You have claws for hands.
Your natural rate of healing is unusually fast.
You are covered in fur. (AC +1)
You have tough skin. (AC +1)


Message History

There is a stone staircase leading up, spattered with blood here.
You pick up Sesupam's Catalogue of the Captivating Entourage and begin reading...
You add the spells Inner Flame, Summon Guardian Golem and Fulminant Prism to your library.
A centaur comes into view.
The centaur wields a +0 shortbow.
The centaur shoots an arrow.
The arrow hits you!
The centaur shoots an arrow.
The arrow hits you!
A centaur is nearby!
The centaur shoots an arrow.
The arrow barely misses you.
There is a stone staircase leading up, spattered with blood here.
You can't go down here!
The centaur shoots an arrow.
The arrow hits you.
You climb upwards.
There is a stone staircase leading down here.
You start resting.
HP restored.
You see here a +0 giant spiked club.
There is a stone staircase leading down here.
You climb downwards.
There is a stone staircase leading up here.
The centaur shoots an arrow.
The arrow hits you!
The centaur shoots an arrow.
The arrow closely misses you.
The centaur shoots an arrow.
The arrow hits you!
The centaur shoots an arrow.
The arrow hits you!
The centaur shoots an arrow.
The arrow hits you!
The centaur shoots an arrow.
The arrow hits you.
The centaur shoots an arrow.
The arrow hits you!
There is a stone staircase leading up, spattered with blood here.
The centaur shoots an arrow.
The arrow hits you!
* * * LOW HITPOINT WARNING * * *
The centaur shoots an arrow.
You block the arrow.
You climb upwards.
There is a stone staircase leading down here.
You climb downwards.
The centaur shoots an arrow.
The arrow hits you!
* * * LOW HITPOINT WARNING * * *
The centaur shoots an arrow.
The arrow closely misses you.
There is a stone staircase leading up, spattered with blood here.
The centaur shoots an arrow.
The arrow hits you!
* * * LOW HITPOINT WARNING * * *
The centaur shoots an arrow.
The arrow hits you!
You die...

##......##.###
#............. ##########
##.........####
.........####.....#........
.......?....#..............
...........................
.........................##
.................<.......##
...c......@.............<##
.........................##
#........................#.
#..........................
#..........................
..#######..................
## ##.......[..)......
##.#.............#
########..###


You could see a centaur.

Vanquished Creatures
  An ice beast (D:6)
  A sky beast (D:5)
  A black bear (D:5)
  2 ogres
  A bullfrog (D:5)
  A kobold brigand (Sewer)
  A water moccasin zombie (D:5)
  2 water moccasin skeletons (D:5)
  A howler monkey (D:4)
  2 orc priests
  3 hounds (D:4)
  2 iguanas (D:4)
  2 orc wizards (D:5)
  A howler monkey zombie (D:3)
  A howler monkey skeleton (D:5)
  5 adders
  2 river rats
  2 ufetubi
  3 worms
  2 dart slugs (D:2)
  10 orcs
  13 ball pythons
  5 endoplasms
  8 giant cockroaches
  5 goblins
  10 hobgoblins
  4 jackals
  10 kobolds
  4 quokkas
  3 bats
  5 frilled lizards
  10 rats
123 creatures vanquished.

Notes
Turn   | Place    | Note
-------+----------+-------------------------------------------
     0 | D:1      | Fortus the Troll Fighter began the quest for the Orb.
     0 | D:1      | Reached XP level 1. HP: 22/22 MP: 0/0
    70 | D:1      | Reached XP level 2. HP: 29/29 MP: 1/1
   164 | D:1      | Reached skill level 3 in Unarmed Combat
   249 | D:1      | Found a faded altar of an unknown god.
   267 | D:1      | Reached XP level 3. HP: 34/36 MP: 2/2
  1017 | D:2      | Reached XP level 4. HP: 44/44 MP: 3/3
  1033 | D:2      | You fall into a shaft and drop 1 floor!
  1102 | D:3      | Reached skill level 4 in Unarmed Combat
  1219 | D:3      | Reached XP level 5. HP: 41/50 MP: 4/4
  1283 | D:3      | Noticed an ogre
  1749 | D:3      | Killed an ogre
  1750 | D:3      | Reached skill level 5 in Unarmed Combat
  1947 | D:4      | Reached XP level 6. HP: 59/59 MP: 5/5
  2278 | D:4      | Reached skill level 6 in Unarmed Combat
  2573 | D:5      | Entered Level 5 of the Dungeon
  2704 | D:5      | Reached XP level 7. HP: 61/66 MP: 6/6
  3076 | D:5      | Identified the +2 leather armour of Wu Jian's Whim {rPois
                  | Dex+3}
  3122 | D:5      | Found a glowing drain.
  3135 | Sewer    | Entered a sewer
  3317 | Sewer    | Found a white marble altar of Elyvilon.
  3409 | D:5      | Reached skill level 7 in Unarmed Combat
  3622 | D:5      | Reached skill level 5 in Shields
  3622 | D:5      | Reached XP level 8. HP: 70/74 MP: 7/7
  3627 | D:5      | Reached skill level 8 in Unarmed Combat
  3869 | D:6      | Got Sesupam's Catalogue of the Captivating Entourage
  3965 | D:6      | Shot with an arrow by a centaur

Illustrated notes

Levels and vault maps discovered:
D:1:      minmay_arrival_nine_rooms, layout_rooms,
          hellmonk_ecumenical_altar_inner_sanctum, minmay_tetromino_l4
D:2:      layout_basic, serial_curves, eino_curves_04, eino_curves_03
D:3:      layout_loops_ring, serial_forest, infiniplex_forest_lined_2,
          infiniplex_forest_straight_4, infiniplex_forest_straight_4,
          infiniplex_forest_corner_1
D:4:      layout_gridville
D:5:      layout_basic, portal_sewer_entry_e
D:6:      layout_cave_pods, temple_green, chequers_serial_rivers_large_a,
          minmay_strange_pillars, uniq_crazy_yiuf_cottage

Skill      XL: |  1  2  3  4  5  6  7  8 |
---------------+-------------------------+-----
Unarmed Combat | 3 4 5 6 7 8 |  8.3
Shields        | 3 4 5 |  5.3
Fighting       | |  2.4
Dodging        | |  2.4

Action                   |  1- 3 |  4- 6 |  7- 9 || total
-------------------------+-------+-------+-------++-------
Melee: Unarmed           |   165 |   131 |   124 ||   420
  Use: Potion            |       |       |     2 ||     2
Armor: Robe              |    54 |    32 |    48 ||   134
Dodge: Dodged            |    50 |    49 |    49 ||   148
Block: Kite shield       |    57 |    47 |    79 ||   183

Table legend: (Time is in decaauts)
 A = Elapsed time spent in this place.
 B = Non-inter-level travel time spent in this place.
 C = Inter-level travel time spent in this place.
 D = Time resting spent in this place.
 E = Time spent auto-exploring this place.
 F = Levels seen in this place.
 G = Mean time per level.
                   A        B        C        D        E       F      G
               +--------+--------+--------+--------+--------+-----+--------+
         Total |   4063 |   3800 |    263 |    118 |   2528 |   7 |  580.4 |
       Dungeon |   3756 |   3493 |    263 |    100 |   2370 |   6 |  626.0 |
         Sewer |    307 |    307 |      0 |     18 |    158 |   1 |  307.0 |
               +--------+--------+--------+--------+--------+-----+--------+

Top non-repeatable levels by time:
     D:5: 910 daAuts
     D:4: 815 daAuts
     D:3: 773 daAuts
     D:2: 608 daAuts
     D:1: 530 daAuts
   Sewer: 307 daAuts
     D:6: 118 daAuts
